 Dungeon Crawl Stone Soup version 0.30-a0-883-g5ad918d77d (webtiles) character file.

Game seed: 7933249743413923661

4 Mickster the Trooper (level 1, 0/22 HPs)
             Began as a Djinni Wanderer on Mar 15, 2023.
             Slain by a goblin
             ... wielding a +0 club
              (4 damage)
             ... on level 1 of the Dungeon.
             The game lasted 00:02:02 (80 turns).

Mickster the Trooper (Djinni Wanderer)                Turns: 80, Time: 00:02:03

Health: 0/22       AC:  3    Str: 12    XL:     1   Next: 66%
Gold:   34         EV: 10    Int: 10    God:
                   SH:  0    Dex: 14

rFire   + + .      SeeInvis .    g - +0 spear
rCold   x . .      Faith    .    (no shield)
rNeg    . . .      Spirit   .    d - +0 leather armour
rPois   ∞          Reflect  .    (no helmet)
rElec   .          Rampage  .    (no cloak)
rCorr   .                        (no gloves)
Will    .....                    (boots unavailable)
Stlth   +                        (no amulet)
HPRegen 0.23/turn                (no ring)
MPRegen 0.00/turn                (no ring)

@: flying
A: sickness immunity, fire resistance 2, cold vulnerability 1, float, innate
caster, HP casting, extra vitality 1
a: no special abilities


You were on level 1 of the Dungeon.
You visited 1 branch of the dungeon, and saw 1 of its levels.

You collected 34 gold pieces.

Inventory:

Hand Weapons
 a - a +0 dagger
 g - a +0 spear (weapon)
Armour
 d - a +0 leather armour (worn)
 f - a +0 tower shield
Scrolls
 b - a scroll of fear
 c - 2 scrolls of teleportation
 e - a scroll of blinking


   Skills:
 + Level 5.1 Fighting
 + Level 4.0 Unarmed Combat
 + Level 1.0 Spellcasting You didn't know any spells. Your spell library was empty.

Dungeon Overview and Level Annotations

Branches:
Dungeon (1/15)

Altars:


Innate Abilities, Weirdness & Mutations

You are immune to sickness and miasma.
You are immune to poison.
Your flesh is very heat resistant. (rF++)
You are vulnerable to cold. (rC-)
You float through the air rather than walking.
You learn spells naturally, not from books.
Your magical power is your life essence.
You have superior vitality. (+4 MHP)


Message History

You see here a quokka corpse.
You now have 23 gold pieces (gained 18).
You see here a quokka corpse.
You see here a quokka corpse.
You see here a +0 spear.
g - a +0 spear
g - a +0 spear (weapon)
You now have 34 gold pieces (gained 11).
A hobgoblin comes into view.
A hobgoblin comes into view.
Found a glowing dagger.
Found a stone staircase leading down.
The hobgoblin shouts!
A goblin comes into view. It is wielding a +0 club.
Found 11 gold pieces.
The hobgoblin shouts!
You see here a +0 robe.
You barely miss the hobgoblin. The hobgoblin barely misses you.
A goblin comes into view. It is wielding a +0 dagger.
You barely miss the hobgoblin.
The goblin shouts!
The hobgoblin hits you.
You hit the hobgoblin.
The hobgoblin is severely wounded.
The hobgoblin hits you. The hobgoblin barely misses you.
You hit the hobgoblin.
You kill the hobgoblin!
The hobgoblin hits you but does no damage.
The hobgoblin attacks as you move away! The hobgoblin hits you.
You hit the goblin.
The goblin is moderately wounded.
The goblin closely misses you. The hobgoblin hits you.
The goblin hits you but does no damage.
You hit the goblin but do no damage.
The goblin is moderately wounded.
The goblin hits you with a +0 club. The hobgoblin hits you.
* * * LOW HITPOINT WARNING * * *
You closely miss the goblin.
The goblin is moderately wounded.
The goblin hits you with a +0 club.
You die...

.....# #.........#
.....###.........#
.........††......#
.#...###.........#
.................#
##''#####........# #####
......~~##.......#......
~~~~~..~~#.......#......
~...~~..~#......@g......
..~..~~.~#.....gg.......
.~~~.~~.~#....##....>...
~~.<.~~.~#.... #......##
~~.~~~..~#.... ........#
~~..~..~~#... .........
.~~...~~~#.. $.....)...
..~~~~~~.# ..........
~.......8.. ...........


You could see a hobgoblin and 2 goblins.

Vanquished Creatures
  A hobgoblin (D:1)
  2 quokkas (D:1)
3 creatures vanquished.

Notes
Turn   | Place    | Note
-------+----------+-------------------------------------------
     0 | D:1      | Mickster the Djinni Wanderer began the quest for the Orb.
     0 | D:1      | Mickster set off with the following items: a +0 dagger, a
                  | scroll of fear, 2 scrolls of teleportation, a +0 leather
                  | armour, a scroll of blinking.
     0 | D:1      | Reached XP level 1. HP: 22/22 MP: 0/0
    80 | D:1      | Slain by a goblin

Illustrated notes

Levels and vault maps discovered:
D:1:      psy_arrival_whirlpool, layout_rooms

Action                     || total
---------------------------++-------
  Melee: Dagger            ||    17
         Spear             ||     7
    Use: Scroll            ||     1
 Armour: Leather armour    ||    10
  Dodge: Dodged            ||    18

Table legend: (Time is in decaauts)
 A = Elapsed time spent in this place.
 B = Non-inter-level travel time spent in this place.
 C = Inter-level travel time spent in this place.
 D = Time resting spent in this place.
 E = Time spent auto-exploring this place.
 F = Levels seen in this place.
 G = Mean time per level.
                   A        B        C        D        E       F      G
               +--------+--------+--------+--------+--------+-----+--------+
         Total |     80 |     80 |      0 |      0 |      0 |   1 |   80.0 |
       Dungeon |     80 |     80 |      0 |      0 |      0 |   1 |   80.0 |
               +--------+--------+--------+--------+--------+-----+--------+

Top non-repeatable levels by time:
     D:1: 80 daAuts
